 Dungeon Crawl Stone Soup version 0.26.0-16-gc1dbca0489 (webtiles) character file.

Game seed: 2925617288276829499

7594 Froggeryz the Brawler (level 11, -5/82 HPs)
             Began as a Ghoul Delver on Jan 21, 2021.
             Was an Elder of Hepliaklqana.
             Slain by Gastronok (21 damage)
             ... on level 10 of the Dungeon.
             The game lasted 00:12:24 (10451 turns).

Froggeryz the Brawler (Ghoul Delver)               Turns: 10451, Time: 00:12:25

Health: -5/82      AC: 12    Str: 20    XL:     11   Next: 17%
Magic:  10/10      EV: 10    Int:  5    God:    Hepliaklqana [****..]
Gold:   600        SH:  0    Dex: 10    Spells: 10/10 levels left

rFire    . . .     SeeInvis +     - Unarmed
rCold    + . .     Faith    .   (no shield)
rNeg     + + +     Spirit   .   v - +0 scale mail (curse)
rPois    ∞         Reflect  .   B - +2 helmet
rElec    .         Harm     .   w - +0 cloak
rCorr    .         Rampage  .   (no gloves)
Will     .....                  k - +0 pair of boots
Stlth    +.........             (no amulet)
HPRegen  0.00/turn              i - ring of see invisible
MPRegen  0.12/turn              (no ring)

@: slowed, very slow
A: reduced essence, claws 1, cold resistance 1, negative energy resistance 3,
inhibited regeneration, torment resistance, unbreathing
a: Renounce Religion, Recall Ancestor, Ancestor Identity, Transference, Idealise


You were on level 10 of the Dungeon.
You worshipped Hepliaklqana.
Hepliaklqana was greatly pleased with you.
You visited 2 branches of the dungeon, and saw 11 of its levels.

You collected 600 gold pieces.

Inventory:

Missiles
 y - 5 curare-tipped darts (quivered)
Armour
 k - a +0 pair of boots (worn)
 v - a cursed +0 scale mail (worn)
 w - a +0 cloak (worn)
 z - a +0 kite shield
 B - a +2 helmet (worn)
Jewellery
 i - a ring of see invisible (left claw)
Wands
 a - a wand of random effects (42)
 f - a wand of digging (3)
 h - a wand of iceblast (13)
 u - a wand of flame (15)
 C - a wand of enslavement (17)
Scrolls
 b - 3 scrolls of fog
 c - 5 scrolls of magic mapping
 d - 3 scrolls of fear
 g - a scroll of random uselessness {unknown}
 j - 3 scrolls of teleportation
 m - 14 scrolls of identify {unknown}
 p - 8 scrolls of remove curse {unknown}
 q - a scroll of immolation {unknown}
 t - 2 scrolls of blinking {unknown}
 x - a scroll of amnesia {unknown}
 E - a scroll of summoning {unknown}
 H - a scroll of enchant weapon {unknown}
Potions
 e - 5 potions of haste
 l - a potion of flight {unknown}
 n - 2 potions of cancellation {unknown}
 o - a potion of heal wounds {unknown}
 s - 4 potions of lignification {unknown}
 A - 2 potions of degeneration {unknown}
 D - a potion of ambrosia {unknown}
 F - a potion of berserk rage {unknown}
 G - 2 potions of might


   Skills:
 + Level 7.6 Fighting
 - Level 4.0 Armour
 - Level 1.7 Dodging
 - Level 5.4 Stealth
 + Level 3.1 Shields
 * Level 15.1 Unarmed Combat


You had 10 spell levels left.
You didn't know any spells.
Your spell library contained the following spells:

 Spells                   Type           Power        Failure   Level
 Animate Skeleton         Necr           0%           83%         1
 Apportation              Tloc           0%           83%         1
 Corona                   Hex            0%           83%         1
 Magic Dart               Conj           0%           83%         1
 Summon Small Mammal      Summ           0%           83%         1
 Blink                    Tloc           N/A          92%         2
 Call Imp                 Summ           0%           92%         2
 Slow                     Hex            0%           92%         2
 Confusing Touch          Hex            0%           99%         3
 Conjure Flame            Conj/Fire      0%           99%         3
 Gell's Gravitas          Tloc           0%           99%         3
 Mephitic Cloud           Conj/Pois/Air  0%           99%         3
 Petrify                  Tmut/Erth      0%           100%        4
 Metabolic Englaciation   Hex/Ice        0%           100%        5
 Yara's Violent Unravell  Hex/Tmut       0%           100%        5


Dungeon Overview and Level Annotations

Branches:
Dungeon (10/15)            Temple (1/1) D:5
   Lair: D:8-11         Orc: D:9-12

Altars:
Ashenzari
Cheibriados
Dithmenos
Elyvilon
Fedhas
Gozag
Hepliaklqana
Kikubaaqudgha
Makhleb
Nemelex Xobeh
Okawaru
Qazlal
Ru
Sif Muna
Trog
Uskayaw
Vehumet
Wu Jian
Xom
Yredelemnul
Zin
The Shining One

Shops:
D:7 =

Annotations:
D:10 Gastronok


Innate Abilities, Weirdness & Mutations

You thrive by killing the living.
You are immune to poison.
You have sharp fingernails.
Your flesh is cold resistant. (rC+)
You are immune to negative energy. (rN+++)
You do not regenerate when monsters are visible.
You are immune to unholy pain and torment.
You can survive without breathing.
Your life essence is reduced to manifest your ancestor. (-10% HP)


Message History

Numeria hits Gastronok with a +0 dagger of draining.
You scratch Gastronok. You claw Gastronok!
Gastronok is heavily wounded.
Numeria hits Gastronok with a +0 dagger of draining.
Gastronok casts a spell at you.
You feel yourself slow down.
You claw Gastronok!
Gastronok is severely wounded.
Numeria hits Gastronok but does no damage.
You claw Gastronok!
Gastronok is almost dead.
Numeria hits Gastronok with a +0 dagger of draining.
Numeria drains Gastronok.
Gastronok waves his eye-stalks in wide circles.
The air twists around and strikes you!!
* * * LOW HITPOINT WARNING * * *
You feel better.
Numeria hits Gastronok but does no damage.
Numeria drains Gastronok.
Gastronok bites you!!
You die...

#.# #.# #.###
## #...# '.
###.### #.
#.....######
#.
#...........
#w##
#.....######
#R@# #.....#
##.#####.....#
#...........#
#######.....#
#.....#
#.....#
###.### #.#
#.#


You could see the friendly Numeria the hexer and Gastronok (drained).

Vanquished Creatures
  A centaur warrior (D:10)
  A two-headed ogre (D:9)
  A deep elf mage (D:9)
  2 trolls
  2 hornets
  2 wraiths (D:10)
  5 yaks (D:9)
  Duvessa (D:7)
  3 sky beasts
  2 necrophages (D:10)
  5 orc warriors
  A black bear (D:7)
  A phantom (D:9)
  3 ogres
  2 centaurs
  4 bullfrogs
  Dowan (D:7)
  3 scorpions
  4 wights (D:9)
  9 howler monkeys
  A centaur zombie (D:10)
  A lava snake (D:7)
  A bullfrog zombie (D:7)
  A crimson imp (D:8)
  2 orc priests (D:9)
  4 hounds
  3 jellies
  2 bullfrog skeletons
  8 worker ants
  A hound skeleton (D:9)
  A howler monkey zombie (D:6)
  Robin (D:2)
  4 adders
  A shadow imp (D:8)
  3 white imps (D:7)
  2 ufetubi
  An adder skeleton (D:4)
  2 worms
  3 dart slugs
  3 leopard geckos
  22 orcs
  9 bats
  12 giant cockroaches
  14 goblins
  13 hobgoblins
  6 jackals
  4 quokkas
  6 frilled lizards
  A goblin zombie (D:8)
  A hobgoblin zombie (D:8)
  4 kobolds
  2 kobold skeletons (D:8)
  2 kobold zombies (D:8)
  A leopard gecko skeleton (D:5)
  2 orc skeletons (D:8)
  An orc zombie (D:8)
  2 rats
200 creatures vanquished.

Vanquished Creatures (collateral kills)
  An ice beast (D:9)
  A necrophage (D:6)
  A wyvern skeleton (D:8)
  2 howler monkeys
  A centaur zombie (D:6)
  A bullfrog zombie (D:10)
  A quasit (D:9)
  An orc priest (D:6)
  An orc wizard (D:10)
  Jessica (D:5)
  A killer bee zombie (D:6)
  3 adders
  A dart slug (D:2)
  A leopard gecko (D:6)
  6 orcs
  A giant cockroach (D:3)
  2 goblins
  A kobold (D:1)
  A bat (D:1)
  A frilled lizard (D:4)
  A quokka zombie (D:8)
  A rat (D:2)
31 creatures vanquished.

Vanquished Creatures (others)
  6 hexers
  An ancestor (D:2)
7 creatures vanquished.

Grand Total: 238 creatures vanquished

Notes
Turn   | Place    | Note
-------+----------+-------------------------------------------
     0 | D:5      | Froggeryz the Ghoul Delver began the quest for the Orb.
     0 | D:5      | Reached XP level 1. HP: 19/19 MP: 0/0
    30 | D:5      | Found a staircase to the Ecumenical Temple.
    61 | Temple   | Entered the Ecumenical Temple
   201 | Temple   | Became a worshipper of Hepliaklqana the Forgotten
   233 | D:5      | Found a sparkling altar of Nemelex Xobeh.
   252 | D:5      | Noticed a worker ant
   263 | D:5      | Killed a worker ant
   264 | D:5      | Reached skill level 3 in Unarmed Combat
   264 | D:5      | Reached XP level 2. HP: 9/23 MP: 1/1
   564 | D:4      | Reached XP level 3. HP: 27/27 MP: 2/2
   619 | D:4      | Reached skill level 4 in Unarmed Combat
   917 | D:1      | Reached XP level 4. HP: 32/34 MP: 3/3
  1058 | D:1      | Reached * piety under Hepliaklqana
  1273 | D:2      | Reached skill level 5 in Unarmed Combat
  1405 | D:2      | Reached XP level 5. HP: 31/40 MP: 4/4
  1553 | D:2      | Found a snail-covered altar of Cheibriados.
  1578 | D:2      | Found a white marble altar of Elyvilon.
  1581 | D:2      | Noticed Robin
  1838 | D:1      | Reached skill level 6 in Unarmed Combat
  2014 | D:2      | Killed Robin
  2074 | D:2      | Found a burning altar of Makhleb.
  2292 | D:3      | Reached XP level 6. HP: 45/45 MP: 5/5
  3030 | D:4      | Reached ** piety under Hepliaklqana
  3114 | D:4      | Reached skill level 7 in Unarmed Combat
  3123 | D:4      | Remembered your ancestor Numeria as a hexer
  4002 | D:5      | Found a radiant altar of Vehumet.
  4126 | D:5      | Noticed a sky beast
  4138 | D:5      | Killed a sky beast
  4139 | D:5      | Reached skill level 8 in Unarmed Combat
  4139 | D:5      | Reached XP level 7. HP: 14/51 MP: 6/6
  4407 | D:5      | Noticed Jessica
  4413 | D:5      | Found a shimmering blue altar of Sif Muna.
  4428 | D:5      | Killed Jessica
  4431 | D:5      | Reached *** piety under Hepliaklqana
  4797 | D:6      | Reached skill level 9 in Unarmed Combat
  4859 | D:6      | Reached XP level 8. HP: 19/56 MP: 7/7
  4869 | D:6      | Reached skill level 10 in Unarmed Combat
  5358 | D:6      | Found a shadowy altar of Dithmenos.
  5591 | D:7      | Found Rureuwne's Jewellery Emporium.
  5635 | D:7      | Reached skill level 1 in Armour
  5752 | D:7      | Reached skill level 11 in Unarmed Combat
  6306 | D:7      | Noticed Duvessa
  6306 | D:7      | Noticed Dowan
  6320 | D:7      | Killed Duvessa
  6321 | D:7      | Killed Dowan
  6322 | D:7      | Reached XP level 9. HP: 29/63 MP: 8/8
  6566 | D:8      | Found a glowing golden altar of the Shining One.
  6745 | D:8      | Found a bloodstained altar of Trog.
  6746 | D:8      | Found an iron altar of Okawaru.
  6778 | D:8      | Reached **** piety under Hepliaklqana
  6796 | D:8      | Found a sacrificial altar of Ru.
  6856 | D:8      | Reached skill level 12 in Unarmed Combat
  7107 | D:8      | Found a blossoming altar of Fedhas.
  7327 | D:9      | Found a shimmering altar of Xom.
  7329 | D:9      | Noticed an angel
  7330 | D:9      | Noticed a hornet
  7334 | D:9      | Killed a hornet
  7573 | D:9      | Found a glowing silver altar of Zin.
  7654 | D:9      | Reached skill level 13 in Unarmed Combat
  7670 | D:9      | Reached skill level 5 in Fighting
  7670 | D:9      | Reached XP level 10. HP: 46/72 MP: 9/9
  8077 | D:9      | Found a radiant altar of Vehumet.
  8116 | D:9      | Found a stormy altar of Qazlal.
  8132 | D:9      | Found a broken altar of Ashenzari.
  8388 | D:10     | Entered Level 10 of the Dungeon
  8435 | D:10     | Reached skill level 14 in Unarmed Combat
  8874 | D:10     | Noticed a two-headed ogre
  8875 | D:10     | Noticed a centaur warrior
  8878 | D:10     | Noticed a deep elf mage
  9473 | D:9      | Reached skill level 1 in Shields
  9491 | D:9      | Killed a two-headed ogre
  9736 | D:9      | Killed a deep elf mage
  9885 | D:10     | Killed a centaur warrior
  9886 | D:10     | Reached skill level 15 in Unarmed Combat
  9886 | D:10     | Reached XP level 11. HP: 81/82 MP: 10/10
  9955 | D:10     | Found an opulent altar of Gozag.
 10130 | D:10     | Noticed Gastronok
 10132 | D:10     | Noticed a two-headed ogre
 10451 | D:10     | Slain by Gastronok

Illustrated notes

Levels and vault maps discovered:
D:1:      dpeg_arrival_rooms_a, layout_rooms, minmay_3d_cube
D:2:      layout_rooms, elyvilon_altar_5, kennysheep_slug_shrine,
          makhleb_blood_cavern_becter, uniq_robin
D:3:      minmay_roachtagon, layout_basic
D:4:      minmay_evil_eye, layout_basic
D:5:      layout_loops_corners, tgw_sif, temple_doors_e, basic_altar,
          minivault_25, vehumet_altar_wand_db
D:6:      minmay_inner_zag, layout_basic, nicolae_dithmenos_the_darkroom
D:7:      layout_basic, serial_shops, nicolae_shop_window_shopping,
          nicolae_lava_and_water, uniq_duvessa
D:8:      layout_cave_pools, nicolae_ru_sacrificial_ziggurat,
          nicolae_tso_besieged_by_evil, lemuel_crystal_altar,
          okawaru_metal_pillars_1_2, kennysheep_nondescript, fedhas_altar_4
D:9:      layout_loops_cross, grunt_temple_overflow_order_and_chaos_1,
          kennysheep_mini, overflow_temple_1_default,
          cheibrodos_ashenzari_chains
D:10:     layout_roguey, minmay_ruined_shrine, uniq_gastronok
Temple:   nicolae_temple_figure_zero

Skill      XL: |  1  2  3  4  5  6  7  8  9 10 11 |
---------------+----------------------------------+-----
Unarmed Combat | 3 4 5 6 8 9 11 13 15 | 15.1
Armour         | 2 4 |  4.0
Fighting       | 5 7 |  7.6
Shields        | 2 3 |  3.1
Dodging        | |  1.7
Stealth        | |  5.4

Action                   |  1- 3 |  4- 6 |  7- 9 | 10-12 || total
-------------------------+-------+-------+-------+-------++-------
Melee: Unarmed           |    56 |   177 |   274 |   161 ||   668
       Punch             |       |     5 |    17 |    11 ||    33
Throw: Dart              |       |       |       |     4 ||     4
Invok: Ancestor Life: He |       |     1 |       |       ||     1
Evoke: Wand              |       |       |       |     3 ||     3
  Use: Potion            |       |       |     2 |     3 ||     5
       Scroll            |       |       |       |     2 ||     2
 Stab: Distracted        |     1 |     3 |     1 |     1 ||     6
       Sleeping          |     5 |    12 |     2 |     3 ||    22
       Confused          |       |       |       |     2 ||     2
Armor: Leather armour    |    17 |    56 |     5 |       ||    78
       Scale mail        |       |       |    82 |    64 ||   146
Dodge: Dodged            |    27 |    92 |   112 |    75 ||   306
